 Dungeon Crawl Stone Soup version 0.30.0 (webtiles) character file.

Game seed: 8878152215804557929

83 AngryGerman the Trooper (level 4, -3/40 HPs)
             Began as a Draconian Berserker on Sept 27, 2023.
             Was a Believer of Trog.
             Slain by a small abomination (9 damage)
             ... on level 1 of the Abyss.
             The game lasted 00:12:23 (2695 turns).

AngryGerman the Trooper (Draconian Berserker)       Turns: 2695, Time: 00:12:24

Health: -3/40      AC:  6    Str: 22    XL:     4   Next: 22%
Magic:  4/4        EV: 12    Int: 13    God:    Trog [**....]
Gold:   104        SH:  0    Dex: 10    Spells: 3/3 levels left

rFire   x . .        a - +0 spear
rCold   + . .        (no shield)
rNeg    . . .        (body armour unavailable)
rPois   .            (helmet restricted)
rElec   .            (no cloak)
rCorr   .            p - +0 pair of gloves
SInv    .            (no boots)
Will    .....        q - amulet of regeneration
Stlth   +            d - ring of ice
HPRegen 1.06/turn    f - +6 ring of intelligence
MPRegen 0.09/turn

%: no passive effects
@: no status effects
A: AC +5, unfitting armour, cold-blooded
a: Renounce Religion, Berserk, Trog's Hand


You were on level 1 of the Abyss.
You worshipped Trog.
Trog was pleased with you.
You visited 1 branch of the dungeon, and saw 3 of its levels.
You visited the Abyss 1 time.

You collected 104 gold pieces.

Inventory:

Hand Weapons
 a - a +0 spear (weapon)
Missiles
 n - 2 boomerangs (quivered)
Armour
 p - a +0 pair of gloves (worn)
 u - a +2 buckler
Jewellery
 d - a ring of ice (left hand)
 f - a +6 ring of intelligence (right hand)
 j - an amulet of reflection
 q - an amulet of regeneration (around neck)
Scrolls
 c - 2 scrolls of enchant weapon {unknown}
 g - 2 scrolls of magic mapping {unknown}
 i - a scroll of vulnerability {unknown}
 m - 3 scrolls of fog {unknown}
 o - a scroll of noise {unknown}
 t - a scroll of amnesia {unknown}
 v - a scroll of acquirement {unknown}
Potions
 b - a potion of lignification {unknown}
 e - 2 potions of ambrosia {unknown}
 h - a potion of might {unknown}
 k - a potion of invisibility {unknown}
 l - a potion of curing {unknown}
 r - 2 potions of attraction {unknown}
 s - a potion of haste {unknown}


   Skills:
 + Level 4.2 Fighting
 + Level 3.8 Polearms
 + Level 3.4 Dodging


You had 3 spell levels left.
You didn't know any spells.
Your spell library contained the following spells:

 Spells                   Type           Power      Damage    Failure   Level
 Necrotise                Necr           0%         1d4       30%         1
 Ignite Poison            Fire/Tmut/Pois 0%         N/A       67%         3
 Vampiric Draining        Necr           0%         2d6       67%         3
 Sticky Flame             Conj/Fire      0%         2d3       97%         4
 Agony                    Necr           0%         N/A       100%        5
 Ignition                 Fire           0%         3d3       100%        8


Dungeon Overview and Level Annotations

Branches:
Dungeon (3/15)

Altars:
Yredelemnul

Annotations:
D:3 Crazy Yiuf


Innate Abilities, Weirdness & Mutations

Your plain brown scales are hard. (AC +5)
You cannot fit into any form of body armour.
You are cold-blooded and may be slowed by cold attacks.


Message History

Crazy Yiuf hits you with a +3 quarterstaff of chaos.
You are cast into the Abyss!
This branch contains the abyssal rune of Zot.
There is an open translucent door here.
Found a gateway leading deeper into the Abyss.
A starflower comes into view.
The starflower gurgles horribly!
You hear a horrible gurgling sound!
A starflower is nearby!
The starflower fires a harpoon shot at you.
The harpoon shot misses you.
Found a gateway leading deeper into the Abyss.
A small abomination comes into view.
Reach: a) +0 spear
Press: ? - help, Dir - move target, f - small abomination
Aim: a small abomination (about 31% to evade your +0 spear)
You reach to attack!
You closely miss the small abomination.
You hit the small abomination but do no damage.
The small abomination hits you but does no damage.
The small abomination completely misses you.
You closely miss the small abomination. The small abomination misses you.
You completely miss the small abomination.
The small abomination misses you.
You hit the small abomination but do no damage.
The small abomination hits you! x2
You hit the small abomination but do no damage.
You tail-slap the small abomination, but do no damage.
The small abomination hits you but does no damage.
You hit the small abomination but do no damage.
You tail-slap the small abomination.
The small abomination is lightly damaged.
The small abomination barely misses you.
You hit the small abomination but do no damage.
The small abomination is lightly damaged.
The small abomination hits you!
* * * LOW HITPOINT WARNING * * *
You hit the small abomination but do no damage.
You tail-slap the small abomination, but do no damage.
The small abomination is lightly damaged.
The small abomination hits you!
You die...

#
#.....ยง...#..###.#.#
.# # # .# . . ....
... ##
..........#.#..... .
#####.##..#....#.## #
# #. #..###..# # #
.....# # .
#.####.##.#
#.........# ######@#
## . .......x#
#######.# ..# ..#
...# #..# #..#


You could see a small abomination.

Vanquished Creatures
  A gnoll (D:1)
  3 adders (D:2)
  A worm (D:3)
  6 ball pythons
  3 endoplasms
  2 giant cockroaches
  4 hobgoblins
  5 quokkas
  2 bats
  3 frilled lizards
  8 goblins
  A kobold (D:2)
  3 rats
42 creatures vanquished.

Vanquished Creatures (others)
  2 fungi (D:1)
2 creatures vanquished.

Grand Total: 44 creatures vanquished

Notes
Turn   | Place    | Note
-------+----------+-------------------------------------------
     0 | D:1      | AngryGerman the Draconian Berserker began the quest for the
                  | Orb.
     0 | D:1      | Reached XP level 1. HP: 19/19 MP: 1/1
   124 | D:1      | Found a faded altar of an unknown god.
   471 | D:1      | Reached XP level 2. HP: 20/26 MP: 2/2
  1064 | D:2      | Reached XP level 3. HP: 17/33 MP: 3/3
  1752 | D:2      | Reached skill level 4 in Fighting
  1758 | D:2      | Reached ** piety under Trog
  1930 | D:3      | Reached XP level 4. HP: 40/40 MP: 4/4
  2576 | D:3      | Found a basalt altar of Yredelemnul.
  2609 | D:3      | Found a runed translucent door.
  2610 | D:3      | Noticed Crazy Yiuf
  2620 | Abyss:1  | Cast into level 1 of the Abyss (Crazy Yiuf)
  2640 | Abyss:1  | Noticed a starflower
  2685 | Abyss:1  | Noticed a small abomination
  2695 | Abyss:1  | Slain by a small abomination

Illustrated notes

Levels and vault maps discovered:
D:1:      dpeg_arrival_castle, layout_loops_ring,
          shapermc_ecumenical_altar_ellora
D:2:      layout_basic
D:3:      layout_basic, mainiacjoe_overflow_six_doors_small,
          uniq_crazy_yiuf_cottage, uniq_natasha
Abyss:1:  base: D:2, spicy_abyss_unhelpful_harpoons

Skill      XL: |  1  2  3 |
---------------+----------+-----
Dodging        | 3 |  3.4
Fighting       | 4 |  4.2
Polearms       | |  3.8

Action                     |  1- 3 |  4- 6 || total
---------------------------+-------+-------++-------
  Melee: Spear             |   113 |    52 ||   165
         Tailslap          |     6 |     8 ||    14
         Punch             |     1 |       ||     1
 Armour: Skin              |    23 |    17 ||    40
  Dodge: Dodged            |    66 |    27 ||    93
  Block: Other             |    11 |     3 ||    14
